 Dungeon Crawl Stone Soup version 0.29-a0-323-g050149af67 (webtiles) character file.

Game seed: 17376140062372412505

34 Morbidden the Skirmisher (level 3, 0/29 HPs)
             Began as a Demonspawn Fighter on Apr 10, 2022.
             Slain by a gnoll
             ... wielding a +4 flail
              (8 damage)
             ... on level 2 of the Dungeon.
             The game lasted 00:00:43 (1417 turns).

Morbidden the Skirmisher (Demonspawn Fighter)       Turns: 1417, Time: 00:00:44

Health: 0/29       AC:  6    Str: 16    XL:     3   Next: 14%
Magic:  3/3        EV:  8    Int: 11    God:
Gold:   55         SH:  4    Dex: 12    Spells: 2/2 levels left

rFire   . . .      SeeInvis .   a - +0 war axe
rCold   + . .      Faith    .   c - +0 buckler
rNeg    . . .      Spirit   .   b - +0 scale mail
rPois   .          Reflect  .   (helmet restricted)
rElec   .          Harm     .   (no cloak)
rCorr   .          Rampage  .   (no gloves)
Will    .....                   (no boots)
Stlth   ..........              (no amulet)
HPRegen 0.09/turn               l - ring of protection from cold
MPRegen 0.08/turn               h - ring of flight

@: flying
A: horns 1
a: no special abilities


You were on level 2 of the Dungeon.
You visited 1 branch of the dungeon, and saw 2 of its levels.

You collected 55 gold pieces.

Inventory:

Hand Weapons
 a - a +0 war axe (weapon)
Armour
 b - a +0 scale mail (worn)
 c - a +0 buckler (worn)
Jewellery
 h - a ring of flight (right hand)
 l - a ring of protection from cold (left hand)
Scrolls
 e - a scroll of enchant weapon {unknown}
 f - 3 scrolls of identify {unknown}
 i - a scroll of acquirement {unknown}
 j - a scroll of magic mapping {unknown}
 m - a scroll of immolation {unknown}
 n - a scroll of fear {unknown}
Potions
 d - a potion of might
 g - 2 potions of haste {unknown}
 k - a potion of brilliance {unknown}
 o - a potion of heal wounds {unknown}


   Skills:
 * Level 3.3 Fighting
 + Level 2.3 Axes
 + Level 3.1 Armour
 + Level 2.9 Shields


You had 2 spell levels left.
You didn't know any spells.
Your spell library was empty.

Dungeon Overview and Level Annotations

Branches:
Dungeon (2/15)

Altars:


Innate Abilities, Weirdness & Mutations

You have a pair of small horns on your head.


Message History

You closely miss the goblin. The goblin hits you with a +0 dagger.
A goblin is nearby!
You slash the goblin!
You kill the goblin!
Key pressed, stopping explore.
No target in view!
You see here a +0 dagger.
There is a stone staircase leading down here.
A quokka comes into view.
You see here a ball python skeleton.
A quokka is nearby!
The quokka bites you but does no damage.
The quokka bites you.
A quokka is nearby!
You closely miss the quokka.
The quokka bites you but does no damage.
You slash the quokka!
You kill the quokka!
A gnoll comes into view. It is wielding a +0 spear.
The gnoll shouts!
A gnoll comes into view. It is wielding a +4 flail.
There are monsters nearby!
The gnoll shouts!
A gnoll comes into view. It is wielding a +0 club.
There are monsters nearby!
The gnoll hits you from afar with a +0 spear.
There are monsters nearby!
The gnoll hits you but does no damage.
There are monsters nearby!
You slash the gnoll!
The gnoll is severely wounded.
You hit the gnoll. You block the gnoll's attack.
The gnoll hits you with a +4 flail!
You barely miss the gnoll.
The gnoll is severely wounded.
You hit the gnoll. The gnoll hits you but does no damage.
The gnoll hits you with a +4 flail! The gnoll hits you with a +0 spear.
* * * LOW HITPOINT WARNING * * *
The gnoll hits you with a +4 flail!
You die...

#...............##.# ###...
#...............##.######....#
#............÷.÷#...(........#
########.....................#
##########............#
#......†...^......#
#.................#
#..............#.##
#.@............#.#
#gg............#..
..g.....####### ..........#
............# .........####
.........# .........#


You could see 3 gnolls.

Vanquished Creatures
  An adder (D:2)
  A worm (D:2)
  3 endoplasms
  A giant cockroach (D:2)
  3 hobgoblins
  2 jackals (D:2)
  A quokka (D:2)
  2 ball pythons
  3 frilled lizards
  A goblin (D:2)
  2 kobolds (D:1)
  A rat (D:1)
21 creatures vanquished.

Notes
Turn   | Place    | Note
-------+----------+-------------------------------------------
     0 | D:1      | Morbidden the Demonspawn Fighter began the quest for the
                  | Orb.
     0 | D:1      | Reached XP level 1. HP: 18/18 MP: 1/1
   265 | D:1      | Found a faded altar of an unknown god.
   784 | D:1      | Gained mutation: You have a pair of small horns on your
                  | head. [demonic ancestry]
   784 | D:1      | Reached XP level 2. HP: 22/24 MP: 2/2
  1164 | D:2      | Reached XP level 3. HP: 29/29 MP: 3/3
  1417 | D:2      | Slain by a gnoll

Illustrated notes

Levels and vault maps discovered:
D:1:      lightli_arrival_lavapool, layout_loops_cross, serial_rivers,
          chequers_serial_rivers_micro_b, chequers_serial_rivers_micro_c,
          chequers_serial_rivers_room_a, chequers_serial_rivers_micro_d,
          chequers_serial_rivers_large_b, chequers_serial_rivers_room_b,
          shapermc_ecumenical_altar_totnotflames
D:2:      layout_basic

Skill      XL: |  1  2 |
---------------+-------+-----
Axes           | 2 |  2.3
Armour         | 3 |  3.1
Fighting       | |  3.3
Shields        | |  2.9

Action                   || total
-------------------------++-------
Melee: War axe           ||    53
       Headbutt          ||     3
Armor: Scale mail        ||    23
Dodge: Dodged            ||    22
Block: Buckler           ||    15

Table legend: (Time is in decaauts)
 A = Elapsed time spent in this place.
 B = Non-inter-level travel time spent in this place.
 C = Inter-level travel time spent in this place.
 D = Time resting spent in this place.
 E = Time spent auto-exploring this place.
 F = Levels seen in this place.
 G = Mean time per level.
                   A        B        C        D        E       F      G
               +--------+--------+--------+--------+--------+-----+--------+
         Total |   1487 |   1476 |     11 |      0 |   1305 |   2 |  743.5 |
       Dungeon |   1487 |   1476 |     11 |      0 |   1305 |   2 |  743.5 |
               +--------+--------+--------+--------+--------+-----+--------+

Top non-repeatable levels by time:
     D:1: 1051 daAuts
     D:2: 435 daAuts
